 Dungeon Crawl Stone Soup version 0.31-a0-632-g766dd24fdf (webtiles) character file.

Game seed: 17273567247778497464

8414 ytrimaz the Mimic (level 11, -12/63 HPs)
             Began as a Demonspawn Shapeshifter on Aug 25, 2023.
             Was a Priest of Hepliaklqana.
             Mangled by a +2 spectral quarterstaff (15 damage)
             ... created by Joseph
             ... on level 10 of the Dungeon.
             The game lasted 00:12:16 (10874 turns).

ytrimaz the Mimic (Demonspawn Shapeshifter)        Turns: 10874, Time: 00:12:17

Health: -12/63     AC:  9    Str: 18    XL:     11   Next: 9%
Magic:  16/16      EV: 12    Int: 11    God:    Hepliaklqana [***...]
Gold:   615        SH:  0    Dex: 16    Spells: 10/10 levels left

rFire   . .          .
                       - Unarmed
rCold   . . .        (no shield)
rNeg    . . .        D - +0 steam dragon scales
rPois   .            (helmet currently unavailable)
rElec   .            (cloak currently unavailable)
rCorr   .            (gloves currently unavailable)
SInv    .            (boots currently unavailable)
Will    .....        (no amulet)
Stlth   +            i - +4 ring of slaying
HPRegen 0.30/turn    n - +4 ring of protection
MPRegen 0.15/turn

%: no passive effects
@: beast-form
A: beast (slay +4), reduced essence, powered by death 1, big brain 1, demonic
touch 2
a: Begin Untransformation, Renounce Religion, Recall Ancestor, Ancestor
Identity, Transference


You were on level 10 of the Dungeon.
You worshipped Hepliaklqana.
Hepliaklqana was most pleased with you.
You were a hulking beast.
You visited 2 branches of the dungeon, and saw 11 of its levels.
You also visited: Sewer.

You collected 615 gold pieces.


Innate Abilities, Weirdness & Mutations

You are a hulking beast.
Your limbs bulge with bestial killing power. (Slay +4)
Your life essence is reduced to manifest your ancestor. (-10% HP)
You regenerate a little health from kills.
You have an unusually large brain. (Int +2)
Your touch may inflict irresistible damage on your foes.


   Skills:
 - Level 1.0 Fighting
 - Level 1.7 Dodging
 + Level 9.3 Unarmed Combat
 - Level 7.0 Invocations
 * Level 11.5 Shapeshifting


You had 10 spell levels left.
You didn't know any spells.
Your spell library contained the following spells:

 Spells                   Type           Power      Damage    Failure   Level
 Shock                    Conj/Air       0%         1d3       34%         1
 Swiftness                Air            0%         N/A       71%         3
 Airstrike                Air            0%         2d(0-16)  98%         4
 Animate Armour           Summ/Erth      0%         N/A       98%         4
 Summon Lightning Spire   Summ/Air       0%         N/A       98%         4
 Lee's Rapid Deconstruct  Erth           0%         3d4*      100%        5

Inventory:

Missiles
 C - a throwing net
Armour
 a - a +0 animal skin
 D - +0 steam dragon scales (worn)
   (You found it on level 7 of the Dungeon)
Jewellery
 g - a ring of protection from cold
   (You found it on level 1 of the Dungeon)
 i - a +4 ring of slaying (left hand)
   (You found it on level 2 of the Dungeon)
 n - a +4 ring of protection (right hand)
   (You found it on level 3 of the Dungeon)
 s - a ring of resist corrosion
   (You found it on level 5 of the Dungeon)
 t - a ring of wizardry
   (You found it on level 5 of the Dungeon)
 u - a +6 ring of dexterity
   (You found it on level 6 of the Dungeon)
 F - a ring of wizardry
   (You found it on level 8 of the Dungeon)
Talismans
 d - a flux talisman
 E - a beast talisman (active)
Wands
 c - a wand of flame (18)
   (You took it off Maurice on level 7 of the Dungeon)
 p - a wand of acid (9)
   (You found it on level 4 of the Dungeon)
 B - a wand of roots (8)
   (You found it on level 6 of the Dungeon)
 G - a wand of polymorph (3)
   (You found it on level 8 of the Dungeon)
Scrolls
 k - 3 scrolls of fog
 l - 7 scrolls of teleportation
 o - 3 scrolls of immolation
 r - 2 scrolls of blinking
 x - 2 scrolls of fear
 y - 3 scrolls of torment {unknown}
 A - 3 scrolls of identify
 I - a scroll of vulnerability {unknown}
 J - a scroll of amnesia {unknown}
Potions
 b - 3 potions of lignification
 e - 3 potions of invisibility
 f - 2 potions of might
 h - a potion of resistance {unknown}
 j - a potion of enlightenment {unknown}
 m - 6 potions of curing
 q - a potion of attraction {unknown}
 v - 2 potions of cancellation {unknown}
 w - 2 potions of heal wounds {unknown}
 z - a potion of berserk rage {unknown}
 H - 2 potions of mutation {unknown}

Dungeon Overview and Level Annotations

Branches:
Dungeon (10/15) Zot: 26416  Temple (1/1) D:5 Zot: 5998    Lair (0/5) D:8
  Sewer (visited)
    Orc: D:9-12

Altars:
Ashenzari
Cheibriados
Dithmenos
Fedhas
Gozag
Hepliaklqana
Makhleb
Nemelex Xobeh
Okawaru
Ru
Sif Muna
Trog
Uskayaw
Vehumet
Wu Jian
Xom
Yredelemnul

Shops:
D:2 =   D:5 ?   D:6 [

Annotations:
D:5 2 transporters, 1 runed translucent door, Crazy Yiuf
D:10 Joseph

######### #.......#
###### #.....R.#
###....###
##....(@.######.'....'.#
......lh$.......#....#..
##....>..########>...###
#.......# #....#
####.#### #....# #.
###+## #< #


You could see the friendly Nenetl the hexer, Joseph (very drained, ally target),
a wyvern and a +2 spectral quarterstaff (wandering).


Message History

You touch the orc warrior!
You kill the orc warrior!
The orc hits you but does no damage.
Things that are here:
a +0 morningstar; a +0 plate armour; an orc corpse 😨 HP[+1] Unknown command.
You punch the orc!
You kill the orc! 😨 HP[+1]
You hit the orc. Your touch misses the orc.
The orc closely misses you. 😨 HP[+1] Unknown command.
You barely miss the orc.
The orc hits you but does no damage. 😨 HP[+1]
You punch the orc!
You kill the orc! 😨 HP[+1] Unknown command.
Items here: )) [ †. 😨 HP[+1] Key pressed, stopping explore. 😮 HP[+6]
You regained 6 hp, and now have 33/63 hp.
Nenetl emerges from the mists of memory! 😮 HP[+1] Key pressed, stopping explore.
Key pressed, stopping explore.
y - 3 scrolls labelled LURU NAHUUQIOSH (gained 1) Key pressed, stopping explore.
No target in view! 😎 HP[+29]
Your hp is fully restored (63).
No target in view!
No target in view!
As you open the door, it creaks loudly!
Found an escape hatch in the floor.
There is an open door here.
You open the door.
There is an open door here.
Found a stone staircase leading down.
Joseph, a Mercenary comes into view.
He is wielding a +2 spectral quarterstaff and carrying a wand of paralysis.
Joseph shouts!
Joseph unwields a +2 spectral quarterstaff.
Joseph wields a +0 sling.
Joseph shoots a sling bullet.
The sling bullet closely misses you.
You hear an angry hiss.
A wyvern comes into view.
You see here 12 gold pieces.
Found a stone staircase leading up.
Joseph zaps a wand.
You suddenly lose the ability to move!
Joseph shoots a sling bullet.
The sling bullet hits you. The wyvern bites you.
Nenetl hits Joseph with a +0 dagger of draining!
The wyvern bites you.
Nenetl hits Joseph with a +0 dagger of draining.
Nenetl drains Joseph.
Nenetl hits Joseph but does no damage.
Joseph unwields a +0 sling.
Joseph wields a +2 spectral quarterstaff.
Joseph hits you with a +2 spectral quarterstaff.
The +2 spectral quarterstaff completely misses you.
A +2 spectral quarterstaff comes into view.
The wyvern completely misses you.
Nenetl hits Joseph with a +0 dagger of draining.
Nenetl drains Joseph.
The wyvern bites you.
Nenetl hits Joseph with a +0 dagger of draining!
Nenetl drains Joseph.
You can move again. 😮 HP[-21]
You take 21 damage, and now have 42/63 hp.
MASSIVE DAMAGE!! (PAUSE)
You hit the wyvern. Joseph closely misses you.
The +2 spectral quarterstaff closely misses you.
The wyvern bites you.
Nenetl hits Joseph with a +0 dagger of draining. 😮 HP[-6]
You take 6 damage, and now have 36/63 hp.
Unknown command.
You punch Joseph! You punch Joseph. The +2 spectral quarterstaff hits you!
* * * LOW HITPOINT WARNING * * *
The wyvern misses you.
Nenetl hits Joseph with a +0 dagger of draining.
Nenetl drains Joseph.
Joseph zaps a wand.
You easily resist.
Nenetl points at Joseph and mumbles some strange words.
Joseph resists with significant effort. 😨 HP[-11]
You take 11 damage, and now have 25/63 hp.
You hit Joseph.
The +2 spectral quarterstaff hits you but does no damage.
The wyvern bites you but does no damage.
The +2 spectral quarterstaff hits you!
* * * LOW HITPOINT WARNING * * *
The +2 spectral quarterstaff disappears.
Joseph hits you with a +2 spectral quarterstaff!
* * * LOW HITPOINT WARNING * * *
The +2 spectral quarterstaff hits you!
You die...

Skill      XL: |  1  2  3  4  5  6  7  8  9 10 11 |
---------------+----------------------------------+-----
Unarmed Combat | 3 4 6 8 9 |  9.3
Shapeshifting  | 3 4 5 7 8 10 11 | 11.5
Invocations    | 3 6 7 |  7.0
Fighting       | |  1.0
Dodging        | |  1.7

Action                     |  1- 3 |  4- 6 |  7- 9 | 10-12 || total
---------------------------+-------+-------+-------+-------++-------
  Melee: Unarmed           |    63 |   116 |   275 |   172 ||   626
         Touch             |     4 |    28 |    40 |    33 ||   105
         Punch             |       |     1 |    11 |    11 ||    23
 Invoke: Recall Ancestor   |       |       |     1 |     1 ||     2
         Ancestor Life: He |       |       |       |     1 ||     1
    Use: Scroll            |       |       |     5 |     1 ||     6
         Potion            |       |       |     1 |     2 ||     3
   Stab: Sleeping          |     1 |     3 |     1 |       ||     5
         Invisible         |       |       |     2 |       ||     2
         Confused          |       |       |       |     4 ||     4
         Distracted        |       |       |       |     1 ||     1
 Armour: Animal skin       |    12 |    35 |    62 |       ||   109
         Steam dragon scal |       |       |    26 |    52 ||    78
         Skin              |       |       |     1 |       ||     1
  Dodge: Dodged            |    41 |    46 |   133 |   103 ||   323

Levels and vault maps discovered:
D:1:      matt_arrival_grand_opening, layout_loops_cross,
          shapermc_ecumenical_altar_venn, minivault_19
D:2:      layout_basic, serial_shops, shop
D:3:      kennysheep_big_flooded_room, layout_basic, nemelex_dance_club_becter
D:4:      layout_cave_pods, chequers_avenue
D:5:      layout_basic, nicolae_overflow_macrodata_refinement,
          nicolae_wu_jian_immortal_techniques, cheibrodos_ashenzari_chains,
          minmay_temple_entry_mini_moons, serial_shops, nicolae_shop_drivethru,
          chequers_serial_rivers_micro_e, uniq_crazy_yiuf_cottage, uniq_pikel
D:6:      layout_loops_cross, okawaru_altar_gauntlet_db, serial_shops,
          nicolae_shop_tiny_real_fake_doors, cheibrodos_sewer_entry_sluice,
          uniq_menkaure, uniq_jeremiah
D:7:      layout_cave_pods, worms_lemuel
D:8:      layout_cave_pools, erik_lair_dragon, minivault_14, moated_statue,
          uniq_maurice
D:9:      layout_stronghold, bloody_makhleb, mainiacjoe_overflow_alcove_1,
          feat_on_display
D:10:     layout_roguey, chequers_temple_overflow_statue_of_worship,
          hiddenorc1_lemuel, uniq_fannar, uniq_erolcha, uniq_joseph, uniq_maggie
Temple:   hellmonk_temple_forest_ring

Notes
Turn   | Place    | Note
-------+----------+-------------------------------------------
     0 | D:1      | ytrimaz the Demonspawn Shapeshifter began the quest for the
                  | Orb.
     0 | D:1      | Reached XP level 1. HP: 15/15 MP: 1/1
     0 | D:1      | magus.rc [v1.9.6]
   185 | D:1      | You fall into a shaft and drop 1 floor!
   321 | D:1      | Reached skill level 3 in Unarmed Combat
   323 | D:1      | Gained mutation: Your touch may inflict minor irresistible
                  | damage on your foes. [demonic ancestry]
   323 | D:1      | Reached XP level 2. HP: 20/21 MP: 2/2
   390 | D:1      | Found a faded altar of an unknown god.
   465 | D:1      | Reached skill level 3 in Shapeshifting
   816 | D:2      | Reached XP level 3. HP: 26/26 MP: 3/3
   843 | D:2      | Found Itucosim's Jewellery Boutique.
  1652 | D:2      | Reached XP level 4. HP: 32/32 MP: 4/4
  1956 | D:3      | Reached skill level 4 in Shapeshifting
  2229 | D:3      | Reached XP level 5. HP: 28/37 MP: 5/5
  2237 | D:3      | Reached skill level 4 in Unarmed Combat
  2348 | D:3      | Found a sparkling altar of Nemelex Xobeh.
  3295 | D:4      | Noticed a black bear
  3300 | D:4      | Gained mutation: You regenerate a little health from kills.
                  | [demonic ancestry]
  3300 | D:4      | Reached XP level 6. HP: 40/43 MP: 6/6
  3307 | D:4      | Reached skill level 5 in Shapeshifting
  3899 | D:5      | Entered Level 5 of the Dungeon
  4022 | D:5      | Reached XP level 7. HP: 41/48 MP: 7/7
  4121 | D:5      | Reached skill level 5 in Unarmed Combat
  4227 | D:5      | Found a blossoming altar of Fedhas.
  4228 | D:5      | Found a hazy altar of Hepliaklqana.
  4241 | D:5      | Found an opulent altar of Gozag.
  4272 | D:5      | Reached skill level 6 in Shapeshifting
  4484 | D:5      | Found an ornate altar of the Wu Jian Council.
  4532 | D:5      | Found a broken altar of Ashenzari.
  4597 | D:5      | Noticed Pikel
  4613 | D:5      | Killed Pikel
  4614 | D:5      | Reached skill level 6 in Unarmed Combat
  4614 | D:5      | Reached skill level 7 in Shapeshifting
  4614 | D:5      | Gained mutation: Your touch may inflict irresistible damage
                  | on your foes. [demonic ancestry]
  4614 | D:5      | Reached XP level 8. HP: 33/54 MP: 8/8
  4704 | D:5      | Found a staircase to the Ecumenical Temple.
  4712 | Temple   | Entered the Ecumenical Temple
  4736 | D:5      | Found a transporter.
  4739 | D:5      | Found Itiudgh's Magic Scroll Emporium.
  4921 | D:5      | Found a runed translucent door.
  4922 | D:5      | Noticed Crazy Yiuf
  5009 | D:5      | Found a transporter.
  5206 | D:5      | Became a worshipper of Hepliaklqana the Forgotten
  5283 | D:6      | Found Near's Armour Shoppe.
  5329 | D:6      | Noticed Jeremiah
  5348 | D:6      | Noticed Menkaure
  5357 | D:6      | Killed Menkaure
  5358 | D:6      | Reached skill level 8 in Shapeshifting
  5384 | D:6      | Killed Jeremiah
  5385 | D:6      | Reached XP level 9. HP: 32/59 MP: 9/9
  5403 | D:6      | Found a glowing drain.
  5411 | Sewer    | Entered a sewer
  5490 | Sewer    | Reached skill level 7 in Unarmed Combat
  6574 | D:6      | Found an iron altar of Okawaru.
  6677 | D:6      | Reached * piety under Hepliaklqana
  6731 | D:7      | Reached skill level 9 in Shapeshifting
  7417 | D:7      | Reached skill level 1 in Invocations
  7477 | D:7      | Reached skill level 2 in Invocations
  7691 | D:7      | Reached skill level 8 in Unarmed Combat
  7969 | D:7      | Identified the +6 demon trident "Keres" {elec, rPois rCorr}
  8064 | D:8      | Noticed Maurice
  8074 | D:8      | Reached skill level 3 in Invocations
  8074 | D:8      | Reached skill level 10 in Shapeshifting
  8239 | D:7      | Killed Maurice
  8240 | D:7      | Reached XP level 10. HP: 50/58 MP: 12/12
  8265 | D:8      | Reached skill level 4 in Invocations
  8445 | D:8      | Reached ** piety under Hepliaklqana
  8452 | D:8      | Remembered your ancestor Nenetl as a hexer
  8781 | D:8      | HP: 11/58 [komodo dragon (24)]
  8791 | D:8      | HP: 9/58 [komodo dragon (15)]
  8793 | D:8      | Reached skill level 5 in Invocations
  8939 | D:8      | Found a staircase to the Lair.
  9250 | D:9      | Found a sacrificial altar of Ru.
  9290 | D:9      | You pick up a book of Iron and begin reading...
  9290 | D:9      | You add the spells Summon Lightning Spire, Animate Armour
                  | and Lee's Rapid Deconstruction to your library.
  9332 | D:9      | Found a burning altar of Makhleb.
  9528 | D:9      | Noticed a two-headed ogre
  9533 | D:9      | HP: 3/58 [two-headed ogre/+0 giant spiked club (14)]
  9761 | D:9      | Reached skill level 11 in Shapeshifting
  9920 | D:9      | Reached *** piety under Hepliaklqana
  9963 | D:9      | Reached skill level 6 in Invocations
 10280 | D:10     | Entered Level 10 of the Dungeon
 10288 | D:10     | Reached skill level 9 in Unarmed Combat
 10330 | D:10     | You pick up a book of Air and begin reading...
 10330 | D:10     | You add the spells Shock, Swiftness and Airstrike to your
                  | library.
 10389 | D:10     | Noticed Maggie
 10397 | D:10     | Killed Maggie
 10501 | D:10     | Gained mutation: You have an unusually large brain. (Int
                  | +2) [demonic ancestry]
 10501 | D:10     | Reached XP level 11. HP: 24/63 MP: 14/16
 10707 | D:10     | Reached skill level 7 in Invocations
 10864 | D:10     | Noticed Joseph
 10867 | D:10     | Paralysed by Joseph for 5 turns
 10874 | D:10     | HP: 11/63 [+2 spectral quarterstaff[Joseph] (15)]
 10874 | D:10     | HP: 3/63 [Joseph/+2 spectral quarterstaff (8)]
 10874 | D:10     | Mangled by a +2 spectral quarterstaff

Vanquished Creatures
  Pikel (D:5)
  Maurice (D:7)
  Jeremiah (D:6)
  Maggie (D:10)
  A komodo dragon (D:8)
  A shadow (D:9)
  3 wyverns (D:8)
  8 yaks (D:10)
  A steam dragon (D:8)
  A swamp worm (D:7)
  Menkaure (D:6)
  An acid dragon (D:9)
  4 ice beasts
  5 orc warriors
  2 black bears
  An ogre (D:5)
  2 centaurs (D:9)
  4 kobold brigands
  3 bullfrogs
  3 scorpions
  3 killer bees (D:9)
  2 electric eels (D:8)
  6 howler monkeys
  3 hounds
  4 orc priests
  2 jellies
  A gnoll bouda (D:7)
  5 iguanas
  8 orc wizards
  4 gnolls
  17 adders
  5 river rats (Sewer)
  A shadow imp (D:6)
  A worm (D:2)
  2 dart slugs
  45 orcs
  15 ball pythons
  7 endoplasms
  2 giant cockroaches
  7 hobgoblins
  11 jackals
  3 quokkas
  6 bats
  6 frilled lizards
  12 goblins
  22 kobolds
  5 rats
250 creatures vanquished.

Vanquished Creatures (collateral kills)
  A komodo dragon (D:8)
  A wyvern (D:7)
  A steam dragon (D:7)
  A yak (D:10)
  A centaur (D:7)
  A phantom (D:7)
  A bullfrog (D:8)
  2 kobold brigands
  A killer bee (D:9)
  An orc priest (D:10)
  2 orc wizards (D:8)
  3 gnolls (D:7)
  10 orcs
  5 kobolds
31 creatures vanquished.

Vanquished Creatures (others)
  2 hexers
  An ancestor (D:7)
3 creatures vanquished.

Grand Total: 284 creatures vanquished

Table legend:
 A = Non-vault XP
 B = Vault XP
 C = Vault XP percentage of total XP
 D = Non-vault monster count
 E = Vault monster count
 F = Vault count percentage of total count
                 A         B        C        D         E       F
            +---------+---------+-------+---------+---------+-------
      Total |    7865 |    4155 |  34.6 |     213 |      68 |  24.2
            +---------+---------+-------+---------+---------+-------
        D:1 |      26 |       0 |   0.0 |      15 |       0 |   0.0
        D:2 |     100 |       0 |   0.0 |      23 |       0 |   0.0
        D:3 |     139 |       9 |   6.1 |      29 |       4 |  12.1
        D:4 |     371 |       0 |   0.0 |      20 |       0 |   0.0
        D:5 |     414 |     651 |  61.1 |      12 |       1 |   7.7
        D:6 |     744 |     593 |  44.4 |      15 |      10 |  40.0
        D:7 |    1543 |     624 |  28.8 |      32 |       2 |   5.9
        D:8 |    1086 |    1316 |  54.8 |      24 |       5 |  17.2
        D:9 |    1343 |       0 |   0.0 |      28 |       0 |   0.0
       D:10 |    2099 |     617 |  22.7 |      15 |      18 |  54.5
      Sewer |       0 |     345 | 100.0 |       0 |      28 | 100.0
            +---------+---------+-------+---------+---------+-------

Skill      XL: |  1  2  3  4  5  6  7  8  9 10 11 |
---------------+----------------------------------+-----
Unarmed Combat | 3 4 6 8 9 |  9.3
Shapeshifting  | 3 4 5 7 8 10 11 | 11.5
Invocations    | 3 6 7 |  7.0
Fighting       | |  1.0
Dodging        | |  1.7

Action                     |  1- 3 |  4- 6 |  7- 9 | 10-12 || total
---------------------------+-------+-------+-------+-------++-------
  Melee: Unarmed           |    63 |   116 |   275 |   172 ||   626
         Touch             |     4 |    28 |    40 |    33 ||   105
         Punch             |       |     1 |    11 |    11 ||    23
 Invoke: Recall Ancestor   |       |       |     1 |     1 ||     2
         Ancestor Life: He |       |       |       |     1 ||     1
    Use: Scroll            |       |       |     5 |     1 ||     6
         Potion            |       |       |     1 |     2 ||     3
   Stab: Sleeping          |     1 |     3 |     1 |       ||     5
         Invisible         |       |       |     2 |       ||     2
         Confused          |       |       |       |     4 ||     4
         Distracted        |       |       |       |     1 ||     1
 Armour: Animal skin       |    12 |    35 |    62 |       ||   109
         Steam dragon scal |       |       |    26 |    52 ||    78
         Skin              |       |       |     1 |       ||     1
  Dodge: Dodged            |    41 |    46 |   133 |   103 ||   323

Illustrated notes

Table legend:
 A = Kills in this place as a percentage of kills in the entire game.
 B = Kills by you in this place as a percentage of kills by you in the entire game.
 C = Kills by friends in this place as a percentage of kills by friends in the entire game.
 D = Other kills in this place as a percentage of other kills in the entire game.
 E = Experience gained in this place as a percentage of experience gained in the entire game.
 F = Experience gained in this place divided by the number of levels of this place that you have seen.
                   A       B       C       D       E      F
               +-------+-------+-------+-------+-------+----------------------
         Total | 100.0 | 100.0 | 100.0 | 100.0 | 100.0 | 1001.7
       Dungeon |  90.0 |  88.7 | 100.0 | 100.0 |  97.1 | 1167.5
         Sewer |  10.0 |  11.3 |   0.0 |   0.0 |   2.9 | 345.0
               +-------+-------+-------+-------+-------+----------------------

Table legend: (Time is in decaauts)
 A = Elapsed time spent in this place.
 B = Non-inter-level travel time spent in this place.
 C = Inter-level travel time spent in this place.
 D = Time resting spent in this place.
 E = Time spent auto-exploring this place.
 F = Levels seen in this place.
 G = Mean time per level.
                   A        B        C        D        E       F      G
               +--------+--------+--------+--------+--------+-----+--------+
         Total |  10964 |  10676 |    288 |    317 |   8566 |  12 |  913.7 |
       Dungeon |  10052 |   9764 |    288 |    317 |   7893 |  10 | 1005.2 |
        Temple |      1 |      1 |      0 |      0 |      0 |   1 |    1.0 |
         Sewer |    910 |    910 |      0 |      0 |    673 |   1 |  910.0 |
               +--------+--------+--------+--------+--------+-----+--------+

Top non-repeatable levels by time:
     D:7: 1485 daAuts
     D:5: 1270 daAuts
     D:2: 1094 daAuts
     D:3: 1088 daAuts
     D:8: 1079 daAuts
     D:4: 1005 daAuts
     D:9: 974 daAuts
   Sewer: 910 daAuts
     D:1: 738 daAuts
     D:6: 733 daAuts
    D:10: 582 daAuts
  Temple: 1 daAuts
